Map: Frost LE

Players

Jacobis

  • Race: Zerg Zerg
  • League: Master

FLORENCIO - Winner!

  • Race: Protoss Protoss
  • League: Diamond

VOD

Have the link to the VOD?

Description

Time

  • Played on: July 3, 2016, 1:28 a.m.
  • Length: 9:16
Show
View Real Time Build Order
Export as new Build Order

Jacobis Zerg 

Build Orders: Pool First 

Get SALT Encoding   

  12  0:00  Drone  
  13  0:12  Overlord  
  13  0:17  Drone  
  14  0:31  Drone x2  
  14  0:35  Drone  
  17  0:40  Extractor  
  16  0:46  Drone  
  17  0:51  Spawning Pool  
  17  0:56  Drone  
  17  1:18  Hatchery  
  16  1:37  Queen  
  18  1:41  Metabolic Boost  
  18  1:42  Zergling x2  
  18  1:44  Zergling x2  
  20  1:47  Zergling x2  
  21  1:55  Overlord  
  21  2:08  Zergling x2  
  21  2:13  Queen  
  24  2:18  Evolution Chamber  
  23  2:25  Zergling x2  
  23  2:26  Zergling x2  
  25  2:41  Zergling x6  
  28  3:03  Zergling x6  
  28  3:04  Zergling x4  
  30  3:26  Zergling x10  
  35  3:30  Overlord  
  35  3:33  Pneumatized Carapace  
  35  4:05  Drone x6  
  35  4:06  Drone x2  
  35  4:07  Overlord  
  43  4:20  Roach Warren  
  34  4:55  Drone x12  
  43  5:20  Drone x2  
  44  5:22  Extractor  
  44  5:23  Extractor  
  42  5:30  Hatchery  
  39  5:41  Drone x2  
  39  5:42  Drone x4  
  43  5:50  Zerg Missile Weapons Level 1  
  43  5:52  Lair  
  43  5:54  Extractor  
  43  5:55  Hatchery  
  41  5:57  Queen  
  41  6:02  Overlord  
  43  6:23  Overlord x2  
  43  6:26  Roach  
  43  6:27  Roach x5  
  55  6:46  Queen  
  57  6:50  Glial Reconstitution  
  57  6:52  Drone x8  
  57  6:53  Drone  
  66  6:54  Drone  
  66  6:57  Ravager x3  
  66  6:58  Ravager  
  71  7:02  Ravager  
  72  7:09  Drone  
  72  7:10  Drone x5  
  72  7:14  Overlord  
  78  7:18  Overlord  
  78  7:20  Zergling x2  
  60  7:38  Spore Crawler  
  60  7:43  Spore Crawler  
  52  7:49  Spore Crawler  
  52  7:50  Spore Crawler  
  36  7:52  Spore Crawler  
  36  7:54  Queen, Hydralisk Den  
  36  7:55  Queen  
  36  7:56  Spore Crawler  
  35  8:04  Spore Crawler  
  34  8:24  Drone x5  
  39  8:38  Ravager  
  40  8:50  Drone x6  
  46  8:59  Drone  
Show
View Real Time Build Order
Export as new Build Order

FLORENCIO Protoss - Winner!

Build Orders:  

Get SALT Encoding   

  12  0:01  Probe (Chrono Boost)  
  13  0:11  Probe (Chrono Boost)  
  14  0:22  Pylon  
  14  0:23  Probe (Chrono Boost)  
  15  0:40  Probe (Chrono Boost)  
  16  0:49  Gateway  
  16  0:50  Probe (Chrono Boost)  
  17  1:01  Probe (Chrono Boost), Assimilator  
  18  1:05  Assimilator  
  18  1:11  Probe (Chrono Boost)  
  19  1:22  Probe (Chrono Boost)  
  21  1:32  Probe (Chrono Boost)  
  21  1:43  Probe (Chrono Boost)  
  21  1:46  Nexus  
  22  1:55  Cybernetics Core  
  22  1:59  Probe (Chrono Boost)  
  23  2:07  Pylon  
  23  2:25  Probe (Chrono Boost)  
  24  2:35  Stalker (Chrono Boost)  
  27  2:37  Mothership Core (Chrono Boost)  
  27  2:43  Forge  
  27  2:44  Pylon  
  27  2:58  Probe  
  28  3:09  Probe  
  28  3:11  Probe  
  30  3:17  Pylon  
  30  3:19  Probe  
  30  3:20  Photon Cannon  
  30  3:24  Probe  
  32  3:30  Photon Cannon  
  32  3:34  Photon Cannon  
  32  3:37  Probe  
  33  3:44  Photon Cannon  
  33  3:49  Probe  
  33  3:52  Probe  
  35  4:00  Probe, Assimilator  
  35  4:02  Assimilator  
  36  4:04  Probe  
  36  4:05  Pylon  
  37  4:10  Probe  
  37  4:17  Probe  
  39  4:21  Probe  
  40  4:28  Photon Cannon  
  40  4:29  Probe  
  41  4:32  Pylon  
  39  4:49  Stargate  
  39  4:50  Stargate  
  39  4:53  Stargate  
  35  5:05  Probe x2  
  35  5:15  Probe  
  35  5:17  Probe  
  35  5:18  Photon Cannon  
  36  5:26  Probe  
  37  5:29  Probe  
  38  5:36  Probe  
  38  5:41  Probe  
  39  5:44  Photon Cannon  
  39  5:47  Probe  
  40  5:53  Probe, Oracle (Chrono Boost)  
  40  5:54  Oracle (Chrono Boost)  
  40  5:55  Oracle (Chrono Boost)  
  50  5:57  Probe  
  51  6:05  Probe, Photon Cannon  
  51  6:09  Probe  
  53  6:15  Pylon  
  53  6:17  Probe  
  54  6:22  Probe  
  55  6:27  Oracle (Chrono Boost)  
  55  6:28  Oracle (Chrono Boost)  
  64  6:33  Oracle (Chrono Boost)  
  64  6:34  Probe  
  66  6:47  Probe  
  66  6:56  Nexus  
  66  7:05  Pylon  
  66  7:06  Oracle x2 (Chrono Boost)  
  75  7:11  Oracle (Chrono Boost)  
  75  7:23  Pylon  
  75  7:26  Pylon  
  78  7:37  Oracle (Chrono Boost)  
  78  7:55  Oracle (Chrono Boost)  
  81  7:59  Oracle (Chrono Boost)  
  81  8:08  Oracle (Chrono Boost)  
  84  8:14  Photon Cannon  
  84  8:17  Photon Cannon  
  84  8:19  Photon Cannon x2  
  84  8:22  Pylon  
  84  8:26  Oracle (Chrono Boost)  
  90  8:34  Photon Cannon  
  90  8:35  Pylon, Oracle (Chrono Boost)  
  90  8:37  Pylon  
  90  8:40  Photon Cannon  
  90  8:44  Assimilator  
  90  8:48  Assimilator  
Tags
 
Add a new tag
Caveats
  • Supply blocks, unpowered buildings, or Contaminate may cause inaccurate times.
  • Supply counts are checked every 10 seconds.